 Dungeon Crawl Stone Soup version 0.25-a0-294-gea9b1ad378 (webtiles) character file.

Game seed: 16860160488018873474, levelgen mode: deterministic

154 MoonlitKnight the Chopper (level 5, 0/47 HPs)
             Began as a Hill Orc Fighter on Dec 17, 2019.
             Succumbed to Eustachio's poison
             ... on level 4 of the Dungeon.
             The game lasted 00:05:01 (2655 turns).

MoonlitKnight the Chopper (Hill Orc Fighter)        Turns: 2655, Time: 00:05:02

Health: 0/47       AC: 11    Str: 20    XL:     5   Next: 36%
Magic:  5/5        EV:  5    Int:  8    God:
Gold:   108        SH:  9    Dex: 10    Spells: 4/4 levels left

rFire    . . .     SeeInvis .   l - +2 mace (holy)
rCold    . . .     Gourm    .   c - +0 shield
rNeg     . . .     Faith    .   o - +0 chain mail
rPois    .         Spirit   .   v - +0 helmet
rElec    .         Reflect  .   (no cloak)
rCorr    .         Harm     .   (no gloves)
MR       .....                  k - +0 pair of boots
Stlth    ..........             (no amulet)
HPRegen  0.15/turn              (no ring)
MPRegen  0.09/turn              (no ring)

@: lethally poisoned (0 -> -16)
A: no striking features
a: no special abilities


You were on level 4 of the Dungeon.
You were not hungry.

You visited 1 branch of the dungeon, and saw 4 of its levels.

You collected 108 gold pieces.

Inventory:

Hand Weapons
 a - a +0 war axe
 l - a +2 mace of holy wrath (weapon)
Missiles
 g - 10 poisoned darts
 i - 22 sling bullets
 m - 8 javelins (quivered)
 q - 2 atropa-tipped darts
Armour
 c - a +0 shield (worn)
 k - a +0 pair of boots (worn)
 o - a +0 chain mail (worn)
 v - a +0 helmet (worn)
Wands
 u - a wand of random effects (27)
Scrolls
 b - a scroll of immolation {unknown}
 e - 2 scrolls of identify {unknown}
 h - a scroll of fog {unknown}
 p - 2 scrolls of enchant armour {unknown}
 r - a scroll of teleportation {unknown}
 s - a scroll of random uselessness {unknown}
 t - a scroll of blinking {unknown}
Potions
 d - a potion of might
 j - a potion of agility {unknown}
 n - a potion of haste {unknown}
 w - a potion of curing {unknown}
Comestibles
 f - 3 rations


   Skills:
 + Level 4.5 Fighting
 * Level 4.9 Axes
 + Level 4.1 Armour
 + Level 4.1 Shields


You had 4 spell levels left.
You didn't know any spells.
Your spell library was empty.

Dungeon Overview and Level Annotations

Branches:
Dungeon (4/15)
 Temple: D:4-7

Altars:

Annotations:
D:4 Eustachio


Message History

The hound barks!
The quokka bites you.
* * * LOW HITPOINT WARNING * * *
You block the ufetubus's attack.
The ufetubus hits you but does no damage.
The crimson imp blinks!
The quokka bites you but does no damage.
The ufetubus hits you.
* * * LOW HITPOINT WARNING * * *
The ufetubus hits you but does no damage.
* * * LOW HITPOINT WARNING * * *
You feel sick.
The quokka bites you but does no damage.
Eustachio casts a spell.
Eustachio blinks!
Unknown command.
* * * LOW HITPOINT WARNING * * *
You feel sick. The quokka closely misses you. The ufetubus barely misses you.
You block the ufetubus's attack.
You die...

... ##....##.........##..
....###.....#..............
......###..................
......###.....##.....[....
.................#........
##.<....5....#......#....
##.........###......##...
#...........#............
#..##.5.@........<.......
#@ #.rh.##..............
#.....#.#.#............>..
.....@..5#.....#...........
.........#.....#.###..#....
.#...#........... #.(#....
##.##....##.... ##.....# #.
.....# ###. ....### # .#
... .....#


You could see Eustachio, a hound, a crimson imp, a shadow imp, an ufetubus and a
quokka.

Vanquished Creatures
  Robin (D:3)
  4 adders
  3 worms
  4 dart slugs
  A leopard gecko (D:2)
  An orc (D:3)
  7 bats
  7 giant cockroaches
  24 goblins
  12 hobgoblins
  4 kobolds
  A quokka (D:3)
  A ball python (D:1)
  2 frilled lizards (D:1)
  12 rats
84 creatures vanquished.

Notes
Turn   | Place    | Note
-------+----------+-------------------------------------------
     0 | D:1      | MoonlitKnight the Hill Orc Fighter began the quest for the
                  | Orb.
     0 | D:1      | Reached XP level 1. HP: 19/19 MP: 1/1
    47 | D:1      | Reached XP level 2. HP: 27/27 MP: 2/2
   686 | D:1      | Reached XP level 3. HP: 33/33 MP: 3/3
  1189 | D:2      | Reached XP level 4. HP: 31/40 MP: 4/4
  1953 | D:3      | Reached XP level 5. HP: 44/47 MP: 5/5
  2060 | D:3      | Noticed Robin
  2074 | D:3      | Killed Robin
  2635 | D:4      | Noticed Eustachio
  2654 | D:4      | HP: 1/47 [poisoned by Eustachio]
  2655 | D:4      | Succumbed to Eustachio's poison

Levels and vault maps discovered:
D:1:      minmay_arrival_diagonal_passages, layout_loops_ring
D:2:      layout_loops_ring
D:3:      layout_basic, serial_forest, infiniplex_forest_straight_1,
          infiniplex_forest_lined_3_way, infiniplex_forest_split,
          infiniplex_forest_fountain, infiniplex_forest_straight_1,
          infiniplex_forest_clump_small, infiniplex_forest_end_2, uniq_robin
D:4:      layout_cave_pools, uniq_pikel, uniq_eustachio

Skill      XL: |  1  2  3  4 |
---------------+-------------+-----
Axes           | 3 4 |  4.9
Fighting       | 4 |  4.5
Armour         | 4 |  4.1
Shields        | 4 |  4.1

Action                   |  1- 3 |  4- 6 || total
-------------------------+-------+-------++-------
Melee: War axe           |    34 |       ||    34
       Mace              |    74 |   154 ||   228
  Eat: Chunk             |     1 |     5 ||     6
Armor: Scale mail        |    32 |       ||    32
       Chain mail        |    27 |   117 ||   144
Dodge: Dodged            |    40 |    35 ||    75
Block: Shield            |    68 |   111 ||   179

Table legend:
 A = Non-vault XP
 B = Vault XP
 C = Vault XP percentage of total XP
 D = Non-vault monster count
 E = Vault monster count
 F = Vault count percentage of total count
                 A         B        C        D         E       F
            +---------+---------+-------+---------+---------+-------
      Total |     186 |      35 |  15.8 |      72 |      12 |  14.3
            +---------+---------+-------+---------+---------+-------
        D:1 |      38 |       0 |   0.0 |      23 |       0 |   0.0
        D:2 |      83 |       0 |   0.0 |      27 |       0 |   0.0
        D:3 |      65 |      35 |  35.0 |      22 |      12 |  35.3
            +---------+---------+-------+---------+---------+-------
